 Dungeon Crawl Stone Soup version 0.19.1 (webtiles) character file.

622 shmeve the Skirmisher (level 7, -1/44 HPs)
             Began as a Gargoyle Berserker on Nov 30, 2016.
             Was a Priest of Trog.
             Slain by an iguana (8 damage)
             ... on level 4 of the Dungeon.
             The game lasted 00:06:29 (3111 turns).

shmeve the Skirmisher (Gargoyle Berserker)          Turns: 3111, Time: 00:06:30

Health: -1/44      AC:  9    Str: 22    XL:     7   Next: 46%
Magic:  7/7        EV: 12    Int:  8    God:    Trog [***...]
Gold:   242        SH:  0    Dex:  9    Spells: 0 memorised, 6 levels left

rFire  + . .     SeeInvis .     a - +0 hand axe
rCold  . . .     Gourm    .     b - +0 animal skin
rNeg   + . .     Faith    .     (no shield)
rPois  ∞         Spirit   .     (no helmet)
rElec  +         Reflect  .     r - +0 cloak
rCorr  .         Harm     .     (no gloves)
MR     .....                    q - +0 pair of boots
Stlth  +.........               (no amulet)
                                (no ring)
                                i - ring of protection from fire

@: exhausted, slowed, very slow
A: negative energy resistance 1, electricity resistance, unbreathing,
petrification resistance, rot immunity, AC +4
a: Berserk, Trog's Hand, Burn Spellbooks, Renounce Religion


You were on level 4 of the Dungeon.
You worshipped Trog.
Trog was most pleased with you.
You were very hungry.

You visited 1 branch of the dungeon, and saw 4 of its levels.

You collected 242 gold pieces.

Inventory:

Hand Weapons
 a - a +0 hand axe (weapon)
Armour
 b - a +0 animal skin (worn)
 q - a +0 pair of boots (worn)
 r - a +0 cloak (worn)
Jewellery
 i - a ring of protection from fire (left hand)
 n - an uncursed ring of fire {unknown}
Scrolls
 e - 4 scrolls of teleportation {unknown}
 f - 4 scrolls of identify {unknown}
 j - 3 scrolls of remove curse {unknown}
 l - 2 scrolls of magic mapping {unknown}
 m - 2 scrolls of blinking {unknown}
 v - a scroll of recharging {unknown}
 w - 3 scrolls of fear {unknown}
 x - a scroll of amnesia {unknown}
Potions
 d - a potion of curing {unknown}
 g - 2 potions of heal wounds {unknown}
 k - a potion of cancellation {unknown}
 p - a potion of cure mutation {unknown}
 t - a potion of flight {unknown}
 u - a potion of mutation {unknown}
Comestibles
 c - 6 bread rations
 h - 2 beef jerkies
 o - 2 meat rations
 s - 2 fruits
 z - 7 chunks of flesh


   Skills:
 * Level 5.5 Fighting
 * Level 4.5 Axes
 * Level 4.9 Armour
 + Level 2.9 Dodging
 - Level 0.8 Stealth


You had 6 spell levels left.
You didn't know any spells.

Dungeon Overview and Level Annotations

Branches:
Dungeon (4/15)
 Temple: D:4-7

Altars:
Makhleb
Yredelemnul


Innate Abilities, Weirdness & Mutations

You are resistant to torment.
Your stone body is resilient. (AC +4)
You are immune to poison.
You resist negative energy. (rN+)
You are resistant to electric shocks. (rElec)
You can survive without breathing.
You are immune to petrification.
You are immune to rotting.


Message History

You slash the phantom!
The phantom is almost destroyed.
You closely miss the iguana.
You are no longer berserk.
You are exhausted.
You feel yourself slow down. The iguana bites you.
You hit the phantom.
The phantom is almost destroyed.
You hit the iguana.
The phantom hits you but does no damage.
The iguana bites you!
* * * LOW HITPOINT WARNING * * *
The phantom barely misses you.
The iguana bites you but does no damage.
You hit the iguana.
The iguana is almost dead.
You hit the phantom but do no damage.
The phantom hits you but does no damage.
The iguana bites you!
You die...

.....# ####.# .. #
#.###### .# #......# .#
######.# .# ### #.# .# #
# ##.###.# ##.#.##
####...##.######l)...###
+...............@W......
####...##.######.....###
##......#.# ###..##
#.####.#.# .## #.#
#.#.## # ##.####....##
....##......#
##..##.....##
....##..#.##


You could see a phantom and an iguana.

Vanquished Creatures
  The ghost of Maxmaps the Basher, an amateur OgGl (D:4)
  The ghost of VictoriousLee the Caller, an amateur DrSu (D:3)
  An orc priest (D:4)
  3 orc wizards (D:4)
  3 worker ants (D:4)
  5 adders
  3 worms
  2 dart slugs
  2 leopard geckos
  2 orcs (D:4)
  3 giant cockroaches
  6 goblins
  6 hobgoblins
  6 jackals (D:1)
  A quokka (D:2)
  A ball python (D:2)
  11 bats
  3 frilled lizards
  10 kobolds
  13 rats
  A withered plant (D:3)
84 creatures vanquished.

Notes
Turn   | Place    | Note
-------+----------+-------------------------------------------
     0 | D:1      | shmeve the Gargoyle Berserker began the quest for the Orb.
     0 | D:1      | Reached XP level 1. HP: 14/14 MP: 1/1
    60 | D:1      | Reached XP level 2. HP: 8/19 MP: 2/2
   867 | D:1      | Reached XP level 3. HP: 20/23 MP: 3/3
  1027 | D:1      | Reached ** piety under Trog
  1462 | D:2      | Reached skill level 4 in Fighting
  1462 | D:2      | Reached XP level 4. HP: 29/29 MP: 4/4
  2201 | D:3      | Found a basalt altar of Yredelemnul.
  2203 | D:3      | Noticed VictoriousLee's ghost (amateur DrSu)
  2225 | D:3      | Killed VictoriousLee's ghost
  2225 | D:3      | Reached *** piety under Trog
  2225 | D:3      | Reached XP level 5. HP: 34/34 MP: 5/5
  2741 | D:4      | Reached XP level 6. HP: 24/39 MP: 6/6
  2937 | D:4      | Found a burning altar of Makhleb.
  3017 | D:4      | Reached skill level 5 in Fighting
  3088 | D:4      | Noticed Maxmaps's ghost (amateur OgGl)
  3089 | D:4      | Noticed a phantom
  3106 | D:4      | Killed Maxmaps's ghost
  3106 | D:4      | Reached XP level 7. HP: 30/44 MP: 7/7
  3111 | D:4      | Slain by an iguana

Skill      XL: |  1  2  3  4  5  6 |
---------------+-------------------+-----
Axes           | 3 4 |  4.5
Fighting       | 4 5 |  5.5
Dodging        | 2 |  2.9
Armour         | 3 4 |  4.9
Stealth        | |  0.8

Action                   |  1- 3 |  4- 6 |  7- 9 || total
-------------------------+-------+-------+-------++-------
Melee: Hand axe          |   130 |   224 |     5 ||   359
Invok: Berserk           |     1 |     2 |       ||     3
       Burn Spellbooks   |       |     2 |       ||     2
 Stab: Sleeping          |     1 |     2 |       ||     3
       Distracted        |     1 |       |       ||     1
  Eat: Chunk             |     2 |     7 |       ||     9
Armor: Animal skin       |    37 |   115 |     4 ||   156
Dodge: Dodged            |    94 |   175 |     3 ||   272
